 Dungeon Crawl Stone Soup version 0.30.0-29-ga12c61a403 (webtiles) character file.

Game seed: 10886563666731551998

3951 olmar the Trooper (level 10, -1/76 HPs)
             Began as a Djinni Transmuter on June 9, 2023.
             Was an Initiate of Gozag.
             Slain by a vampire mosquito (7 damage)
             ... on level 7 of the Dungeon.
             The game lasted 00:11:37 (9314 turns).

olmar the Trooper (Djinni Transmuter)               Turns: 9314, Time: 00:11:38

Health: -1/76      AC: 15    Str: 11    XL:     10   Next: 45%
Gold:   588        EV: 11    Int: 18    God:    Gozag SH:  5 Dex: 19

rFire   + .          .
                       - Unarmed
rCold   . . .        (no shield)
rNeg    + . .        v - +0 pearl dragon scales
rPois   ∞            e - +0 helmet
rElec   .            y - +0 cloak
rCorr   .            (no gloves)
SInv    .            (boots unavailable)
Will    +....        z - amulet of reflection Stlth
                     p - +6 ring of dexterity
HPRegen 0.32/turn    x - ring of ice
MPRegen 0.00/turn

%: reflection, infuse magic (-2 HP)
@: flying
A: sickness immunity, fire resistance 2, cold vulnerability 1, float, innate
caster, HP casting, extra vitality 1
a: Renounce Religion, Potion Petition, Call Merchant, Bribe Branch


You were on level 7 of the Dungeon.
You worshipped Gozag.
Gozag was pleased with you.
You visited 2 branches of the dungeon, and saw 8 of its levels.

You collected 886 gold pieces.
You spent 196 gold pieces at shops.
You paid 102 gold pieces to Gozag.

Inventory:

Hand Weapons
 r - the +7 long sword "Zalaerio" {spect, Str+2}
   (You found it on level 3 of the Dungeon)

   Str:       It affects your strength (+2).
Armour
 a - a +0 robe
 e - a +0 helmet (worn)
 v - +0 pearl dragon scales (worn)
 y - a +0 cloak (worn)
Jewellery
 p - a +6 ring of dexterity (left hand)
 q - a ring of protection from cold
 x - a ring of ice (right hand)
 z - an amulet of reflection (around neck)
 C - an amulet of the acrobat
Wands
 B - a wand of mindburst (5)
Scrolls
 c - 6 scrolls of poison
 d - 4 scrolls of fear
 g - 2 scrolls of butterflies {unknown}
 i - 3 scrolls of teleportation
 j - 4 scrolls of fog
 k - a scroll of immolation {unknown}
 l - a scroll of brand weapon {unknown}
 m - a scroll of enchant armour {unknown}
 n - 2 scrolls of noise {unknown}
 w - a scroll of amnesia {unknown}
Potions
 b - 2 potions of flight {unknown}
 f - a potion of lignification
 h - a potion of heal wounds {unknown}
 o - 4 potions of degeneration
 s - a potion of haste {unknown}
 t - a potion of brilliance
 u - a potion of mutation {unknown}
 A - a potion of curing


   Skills:
 + Level 7.8 Fighting
 + Level 5.8 Armour
 - Level 5.9 Dodging
 - Level 1.2 Stealth
 + Level 7.1 Unarmed Combat
 + Level 5.0 Spellcasting
 - Level 1.1 Evocations


You knew the following spells:

 Your Spells              Type           Power      Damage    Failure   Level
a - Beastly Appendage     Tmut           44%        N/A       12%         1
b - Wereblood             Tmut           22%        N/A       19%         2
c - Spider Form           Tmut/Pois      22%        N/A       34%         3
d - Ice Form              Ice/Tmut       34%        N/A       75%         4
e - Freeze                Ice            100%       1d10      12%         1
f - Call Imp              Summ           44%        N/A       19%         2
g - Frozen Ramparts       Ice            68%        1d11      34%         3
h - Stone Arrow           Conj/Erth      44%        3d9       34%         3
Your spell library was empty.

Dungeon Overview and Level Annotations

Branches:
Dungeon (7/15)             Temple (1/1) D:6

Altars:
Elyvilon
Fedhas
Gozag
Makhleb
Nemelex Xobeh
Okawaru
Qazlal
Wu Jian
Xom
Yredelemnul

Shops:
D:2 (   D:4 ?

Annotations:
D:3 1 runed translucent door, safid's ghost, amateur MfIE


Innate Abilities, Weirdness & Mutations

You are immune to sickness and miasma.
You are immune to poison.
Your flesh is very heat resistant. (rF++)
You are vulnerable to cold. (rC-)
You float through the air rather than walking.
You learn spells naturally, not from books.
Your magical power is your life essence.
You have superior vitality. (+4 MHP)


Message History

The manticore claws you.
* * * LOW HITPOINT WARNING * * *
The manticore claws you.
* * * LOW HITPOINT WARNING * * *
Your cerulean imp hits the manticore but does no damage.
Unknown command.
The manticore attacks as you move away!
The manticore bites you but does no damage.
You block the manticore's attack. The manticore claws you.
* * * LOW HITPOINT WARNING * * *
Your surroundings suddenly seem different.
You start resting.
Your transformation is almost over.
A vampire mosquito is nearby!
A vampire mosquito is nearby!
Unknown command.
Your horns disappear.
Your +0 helmet unmelds from your body.
You start resting.
A vampire mosquito is nearby!
Casting: Call Imp (safe; 19% risk of failure)
Confirm with . or Enter, or press ? or * to list all spells.
Okay, then.
Casting: Call Imp (safe; 19% risk of failure)
Confirm with . or Enter, or press ? or * to list all spells.
A tiny devil pulls itself out of the air.
* * * LOW HITPOINT WARNING * * *
You block the vampire mosquito's attack. x2
Unknown command.
You hit the vampire mosquito but do no damage.
The vampire mosquito bites you but does no damage.
The vampire mosquito bites you.
* * * LOW HITPOINT WARNING * * *
Unknown command.
You hit the vampire mosquito.
The vampire mosquito is lightly damaged.
Your cerulean imp closely misses the vampire mosquito.
The vampire mosquito bites you!
You die...
Your body crumbles into a pile of gold.

#........# #.....#
#.######.# #.....# #.#
#.# ###.### #.#
#.####### #.# #.#
#.....[.# #_# #.#
#..########## #.# ##..#
#.# #.##
##...######.######
#..###........5.@.....#
..))).....######y####.#
#..#####..# #.# #.#
#..# #..######.# #.#
#..# #..y5.....####.#
#..# ##'##########...#
#.## ##...## #.### ..#
##.....## ##.#
#####.......## ##..#


You could see a vampire mosquito (ally target) and a friendly cerulean imp
(summoned).

Vanquished Creatures
  A troll (D:7)
  A yak (D:7)
  2 vampire mosquitoes (D:7)
  Menkaure (D:7)
  A water moccasin (D:7)
  2 sky beasts
  A black bear (D:5)
  2 orc warriors
  An ice beast (D:7)
  3 ogres
  A centaur (D:7)
  A phantom (D:4)
  2 bullfrogs
  A gnoll sergeant (D:5)
  4 scorpions
  A water moccasin zombie (D:7)
  2 wights (D:7)
  14 killer bees (D:7)
  4 howler monkeys (D:7)
  3 jellies (D:7)
  3 orc priests
  A sleepcap (D:7)
  A gnoll bouda (D:7)
  4 iguanas
  8 orc wizards
  A killer bee zombie (D:7)
  8 gnolls
  8 adders
  2 white imps (D:6)
  2 ufetubi
  3 worms
  2 dart slugs
  22 orcs
  8 endoplasms
  2 giant cockroaches (D:1)
  3 goblins
  11 hobgoblins
  2 jackals (D:5)
  2 quokkas
  3 ball pythons
  4 bats
  4 frilled lizards
  9 kobolds
  5 rats
166 creatures vanquished.

Vanquished Creatures (others)
  5 dream sheep (D:3)
5 creatures vanquished.

Grand Total: 171 creatures vanquished

Notes
Turn   | Place    | Note
-------+----------+-------------------------------------------
     0 | D:1      | olmar the Djinni Transmuter began the quest for the Orb.
     0 | D:1      | olmar set off with the following spells memorised: Beastly
                  | Appendage, Wereblood, Spider Form, Ice Form.
     0 | D:1      | Reached XP level 1. HP: 17/17 MP: 0/0
   129 | D:1      | Reached XP level 2. HP: 16/22 MP: 0/0
   551 | D:1      | Reached XP level 3. HP: 26/27 MP: 0/0
   551 | D:1      | Learned a level 1 spell: Freeze
   751 | D:1      | You are sucked into a shaft and drop 1 floor!
   977 | D:2      | Found Byb Favu's Weapon Emporium.
  1919 | D:3      | Reached XP level 4. HP: 32/32 MP: 0/0
  2177 | D:3      | Found a runed translucent door.
  2180 | D:3      | Noticed safid's ghost (amateur MfIE)
  2313 | D:3      | Identified the +7 long sword "Zalaerio" {spect, Str+2}
  2366 | D:3      | Noticed a dream sheep
  2366 | D:3      | Noticed a dream sheep
  2366 | D:3      | Noticed a dream sheep
  2366 | D:3      | Noticed a dream sheep
  2366 | D:3      | Noticed a dream sheep
  2366 | D:3      | Found a shimmering altar of Xom.
  2370 | D:3      | Killed a dream sheep
  2370 | D:3      | Killed a dream sheep
  2370 | D:3      | Killed a dream sheep
  2371 | D:3      | Killed a dream sheep
  2371 | D:3      | Killed a dream sheep
  2611 | D:3      | Reached XP level 5. HP: 37/37 MP: 0/0
  2611 | D:3      | Learned a level 2 spell: Call Imp
  2614 | D:3      | Found a blossoming altar of Fedhas.
  2785 | D:4      | Noticed an ogre
  2901 | D:4      | Noticed a phantom
  2911 | D:4      | Killed a phantom
  2912 | D:4      | Reached skill level 1 in Stealth
  2912 | D:4      | Reached XP level 6. HP: 21/43 MP: 0/0
  2978 | D:4      | Killed an ogre
  2979 | D:4      | Reached skill level 5 in Unarmed Combat
  3094 | D:4      | Found a white marble altar of Elyvilon.
  3105 | D:4      | Found Deumest's Magic Scroll Emporium.
  3386 | D:5      | Entered Level 5 of the Dungeon
  3402 | D:5      | Reached XP level 7. HP: 32/49 MP: 0/0
  3402 | D:5      | Learned a level 3 spell: Frozen Ramparts
  3721 | D:5      | Reached skill level 1 in Evocations
  4084 | D:5      | Found a stormy altar of Qazlal.
  4093 | D:5      | Reached XP level 8. HP: 11/56 MP: 0/0
  4107 | D:5      | Reached skill level 5 in Dodging
  4729 | D:6      | Found an iron altar of Okawaru.
  5496 | D:6      | Found a staircase to the Ecumenical Temple.
  5505 | Temple   | Entered the Ecumenical Temple
  5516 | Temple   | Became a worshipper of Gozag Ym Sagoz the Greedy
  5609 | D:4      | Bought a scroll of poison for 56 gold pieces
  5609 | D:4      | Bought a scroll of poison for 56 gold pieces
  5609 | D:4      | Bought a scroll of teleportation for 42 gold pieces
  5609 | D:4      | Bought a scroll of teleportation for 42 gold pieces
  6035 | D:7      | Reached XP level 9. HP: 11/63 MP: 0/0
  6035 | D:7      | Learned a level 3 spell: Stone Arrow
  6442 | D:7      | Reached skill level 5 in Fighting
  6442 | D:7      | Reached skill level 1 in Armour
  6747 | D:7      | Found a basalt altar of Yredelemnul.
  6799 | D:7      | Found a sparkling altar of Nemelex Xobeh.
  6883 | D:7      | Noticed Menkaure
  6890 | D:7      | Killed Menkaure
  7480 | D:7      | Reached XP level 10. HP: 75/75 MP: 0/0
  7899 | D:7      | Noticed a manticore
  7905 | D:7      | Reached skill level 5 in Armour
  8386 | D:7      | Reached skill level 5 in Spellcasting
  9314 | D:7      | Slain by a vampire mosquito

Illustrated notes

Levels and vault maps discovered:
D:1:      ncdulo_wetmaze, layout_loops_ring
D:2:      layout_loops_ring, serial_shops, nicolae_shop_bloodbath_and_beyond,
          serial_bayou_pond_a
D:3:      layout_loops_cross, grunt_temple_overflow_growth_and_decay,
          mainiacjoe_overflow_six_doors_small, kb_xom_exploding_sheep,
          serial_glass, glass_columns_b, glass_columns_c, glass_columns_b,
          glass_columns_c, item_on_display_a, minmay_strange_pillars,
          feat_on_display, feat_on_display, gammafunk_ghost_grave, st_stairs_7
D:4:      layout_cave_pools, elyvilon_altar_5, serial_shops, nicolae_shop_stone
D:5:      layout_basic, mainiacjoe_overflow_chevrons,
          nicolae_qazlal_beasts_of_the_sky, hangedman_abyss_or_decor_lesser_grid
D:6:      layout_cave_pools, okawaru_trees_1, lemuel_temple_firewalk_b
D:7:      layout_loops_corners, lemuel_zombie_altar_yredelemnul,
          amcnicky_altar_gilded, minmay_the_grid_2x2 [minmay_the_grid_doors,
          minmay_the_grid_pillar_ring, minmay_the_grid_medium_cups,
          minmay_the_grid_prize_four_corners], uniq_menkaure
Temple:   nicolae_temple_bog_church

Skill      XL: |  1  2  3  4  5  6  7  8  9 10 |
---------------+-------------------------------+-----
Unarmed Combat | 4 5 6 7 |  7.1
Spellcasting   | 2 3 4 5 |  5.0
Dodging        | 3 4 5 |  5.9
Stealth        | 1 |  1.2
Fighting       | 2 3 4 7 |  7.8
Evocations     | 1 |  1.1
Armour         | 3 5 |  5.8

Action                     |  1- 3 |  4- 6 |  7- 9 | 10-12 || total
---------------------------+-------+-------+-------+-------++-------
  Melee: Unarmed           |   129 |    45 |       |    91 ||   265
         Headbutt          |     8 |    12 |     3 |    17 ||    40
         Punch             |     3 |     3 |     6 |    10 ||    22
         Long sword        |       |    49 |   194 |    28 ||   271
   Cast: Beastly Appendage |     6 |     8 |     5 |     7 ||    26
         Freeze            |     1 |       |       |       ||     1
         Wereblood         |       |       |     2 |     1 ||     3
         Call Imp          |       |       |       |     6 ||     6
  Evoke: Wand              |       |     4 |     8 |       ||    12
    Use: Scroll            |     2 |       |     4 |     6 ||    12
         Potion            |       |       |     7 |     1 ||     8
   Stab: Sleeping          |     4 |     2 |       |       ||     6
         Paralysed         |       |     1 |    14 |       ||    15
         Distracted        |       |       |     1 |       ||     1
 Armour: Robe              |    14 |     8 |    11 |       ||    33
         Skin              |       |       |    21 |     9 ||    30
         Pearl dragon scal |       |       |    84 |    46 ||   130
  Dodge: Dodged            |    58 |    53 |   103 |    80 ||   294
  Block: Other             |       |       |    27 |    40 ||    67
